General information
- name: BNet
- type: Ladder team game (AT/RT)
- host: Battle.net
- saver: 418
map: GoldRush
- players: 8
- length: 17:02
- speed: Fast
- version: 1.24 W3XP
- replay type: Public
» download(129 KB)
Players
team 1 (loser)
UnholydreadlorD (
yellow | 70 APM | 1194 actions | 17:01)
4 Blademaster
2 Wind Walk
2 Critical Strike
» actions
| Assign group hotkey | 8 | |
| Basic commands | 29 | |
| Build / train | 40 | |
| Enter build submenu | 29 | |
| Enter hero's abilities submenu | 4 | |
| Right click | 479 | |
| Select / deselect | 121 | |
| Select group hotkey | 418 | |
| Use ability | 66 | |
1194 total
» units
» upgrades
| Melee Weapons | 3 | |
| Pillage | 1 | |
| Ensnare | 1 | |
5 total
» buildings
| Altar of Storms | 1 | |
| Orc Burrow | 8 | |
| War Mill | 1 | |
| Voodoo Lounge | 4 | |
| Watch Tower | 4 | |
| Stronghold | 1 | |
| Beastiary | 4 | |
| Fortress | 1 | |
24 total
» build order
00:15 Altar of Storms
00:24 Orc Burrow
00:46 War Mill
01:47 Voodoo Lounge
02:01 Watch Tower
02:29 Watch Tower
03:40 Stronghold
04:20 Watch Tower
04:22 Watch Tower
06:03 Orc Burrow
06:04 Orc Burrow
06:06 Beastiary
06:10 Beastiary
06:18 Orc Burrow
06:21 Orc Burrow
09:53 Voodoo Lounge
09:57 Voodoo Lounge
10:49 Voodoo Lounge
12:37 Fortress
12:41 Orc Burrow
12:41 Orc Burrow
12:42 Orc Burrow
12:51 Beastiary
12:54 Beastiary
» items
| Healing Salve | 1 | |
| Lesser Clarity Potion | 2 | |
| Staff of Teleportation | 1 | |
| Boots of Speed | 2 | |
| Scroll of Town Portal | 1 | |
| Scroll of Healing | 1 | |
8 total
niGhT_blOoDy (
teal | 211 APM | 3599 actions | 17:01)
4 Death Knight
2 Death Coil
2 Unholy Aura
3 Lich
2 Frost Nova
1 Dark Ritual
» actions
| Assign group hotkey | 103 | |
| Basic commands | 298 | |
| Build / train | 59 | |
| ESC pressed | 1 | |
| Enter build submenu | 20 | |
| Enter hero's abilities submenu | 7 | |
| Give item / drop item | 1 | |
| Right click | 1192 | |
| Select / deselect | 263 | |
| Select group hotkey | 1574 | |
| Use ability | 81 | |
3599 total
» units
| Acolyte | 10 | |
| Ghoul | 3 | |
| Crypt Fiend | 13 | |
| Obsidian Statue | 2 | |
| Meatwagon | 2 | |
30 total
» upgrades
» buildings
| Graveyard | 2 | |
| Crypt | 2 | |
| Altar of Darkness | 1 | |
| Ziggurat | 8 | |
| Tomb of Relics | 1 | |
| Halls of the Dead | 3 | |
| Nerubian Tower | 1 | |
| Necropolis | 3 | |
| Sacrificial Pit | 1 | |
| Slaughterhouse | 1 | |
| Spirit Tower | 1 | |
| Black Citadel | 1 | |
25 total
» build order
00:09 Graveyard
00:15 Crypt
00:37 Altar of Darkness
01:05 Ziggurat
01:43 Tomb of Relics
02:17 Ziggurat
04:59 Halls of the Dead
05:00 Halls of the Dead
05:18 Nerubian Tower
05:19 Ziggurat
08:18 Necropolis
08:21 Ziggurat
08:30 Sacrificial Pit
08:35 Ziggurat
08:40 Ziggurat
08:58 Slaughterhouse
09:36 Spirit Tower
10:41 Necropolis
11:21 Black Citadel
12:51 Graveyard
12:52 Crypt
14:24 Necropolis
15:45 Ziggurat
15:48 Ziggurat
» items
| Rod of Necromancy | 5 | |
| Dust of Appearance | 1 | |
| Scroll of Town Portal | 1 | |
7 total
x]1 (
pink | 131 APM | 2227 actions | 17:01)
5 Death Knight
3 Death Coil
2 Unholy Aura
1 Lich
1 Frost Nova
2 Dreadlord
1 Sleep
1 Carrion Swarm
» actions
| Assign group hotkey | 28 | |
| Basic commands | 46 | |
| Build / train | 58 | |
| Enter build submenu | 22 | |
| Enter hero's abilities submenu | 10 | |
| Give item / drop item | 5 | |
| Remove unit from queue | 7 | |
| Right click | 601 | |
| Select / deselect | 205 | |
| Select group hotkey | 1137 | |
| Use ability | 108 | |
2227 total
» units
| Acolyte | 9 | |
| Ghoul | 2 | |
| Crypt Fiend | 8 | |
| Frost Wyrm | 5 | |
24 total
» upgrades
| Burrow | 1 | |
| Web | 1 | |
| Creature Attack | 1 | |
3 total
» buildings
| Graveyard | 1 | |
| Crypt | 1 | |
| Altar of Darkness | 1 | |
| Ziggurat | 6 | |
| Tomb of Relics | 2 | |
| Nerubian Tower | 1 | |
| Spirit Tower | 0 | |
| Halls of the Dead | 2 | |
| Necropolis | 3 | |
| Black Citadel | 2 | |
| Sacrificial Pit | 1 | |
| Boneyard | 3 | |
23 total
» build order
00:14 Graveyard
00:18 Crypt
00:43 Altar of Darkness
01:00 Ziggurat
01:46 Tomb of Relics
01:48 Tomb of Relics
02:03 Ziggurat
04:11 Nerubian Tower
04:13 Spirit Tower
04:54 Halls of the Dead
04:54 Halls of the Dead
05:50 Necropolis
05:58 Ziggurat
08:51 Necropolis
09:00 Ziggurat
09:29 Black Citadel
09:29 Black Citadel
10:17 Sacrificial Pit
10:53 Necropolis
11:58 Boneyard
12:12 Boneyard
12:17 Boneyard
12:20 Ziggurat
12:33 Ziggurat
» items
| Rod of Necromancy | 3 | |
| Dust of Appearance | 1 | |
| Scroll of Town Portal | 1 | |
| Potion of Healing | 1 | |
| Orb of Corruption | 1 | |
7 total
team 2 (winner)
Miles_Edgeworth (
orange | 91 APM | 1051 actions | 11:32)
3 Death Knight
2 Death Coil
1 Unholy Aura
1 Lich
1 Frost Nova
» actions
| Assign group hotkey | 13 | |
| Basic commands | 70 | |
| Build / train | 38 | |
| ESC pressed | 6 | |
| Enter build submenu | 20 | |
| Enter hero's abilities submenu | 4 | |
| Right click | 341 | |
| Select / deselect | 142 | |
| Select group hotkey | 383 | |
| Use ability | 34 | |
1051 total
» units
| Acolyte | 7 | |
| Ghoul | 4 | |
| Crypt Fiend | 8 | |
19 total
» upgrades
» buildings
| Crypt | 2 | |
| Graveyard | 1 | |
| Ziggurat | 7 | |
| Altar of Darkness | 1 | |
| Tomb of Relics | 1 | |
| Nerubian Tower | 1 | |
| Halls of the Dead | 1 | |
| Black Citadel | 2 | |
| Necropolis | 1 | |
| Sacrificial Pit | 1 | |
18 total
» build order
00:09 Crypt
00:14 Crypt
00:18 Graveyard
00:42 Ziggurat
01:00 Altar of Darkness
01:51 Tomb of Relics
02:07 Ziggurat
02:15 Nerubian Tower
04:09 Halls of the Dead
04:28 Ziggurat
05:47 Ziggurat
06:40 Black Citadel
08:59 Black Citadel
09:20 Ziggurat
10:04 Necropolis
10:06 Ziggurat
10:14 Ziggurat
10:31 Sacrificial Pit
» items
| Rod of Necromancy | 1 | |
| Scroll of Town Portal | 2 | |
| Dust of Appearance | 1 | |
| Potion of Healing | 1 | |
5 total
418 (
purple | 61 APM | 1038 actions | 17:02)
1 Tauren Chieftain
1 Endurance Aura
» actions
| Assign group hotkey | 6 | |
| Basic commands | 43 | |
| Build / train | 30 | |
| ESC pressed | 3 | |
| Enter build submenu | 32 | |
| Enter hero's abilities submenu | 1 | |
| Give item / drop item | 6 | |
| Right click | 281 | |
| Select / deselect | 358 | |
| Select group hotkey | 50 | |
| Use ability | 228 | |
1038 total
» units
» upgrades
| Ranged Weapons | 3 | |
| Armor | 4 | |
| Burning Oil | 1 | |
| Reinforced Defenses | 1 | |
9 total
» buildings
| Orc Burrow | 9 | |
| Altar of Storms | 1 | |
| War Mill | 1 | |
| Stronghold | 1 | |
| Barracks | 2 | |
| Watch Tower | 9 | |
| Fortress | 1 | |
| Voodoo Lounge | 1 | |
25 total
» build order
00:39 Orc Burrow
00:43 Altar of Storms
00:55 War Mill
02:33 Stronghold
02:42 Barracks
02:45 Barracks
02:59 Orc Burrow
03:01 Orc Burrow
03:58 Orc Burrow
05:01 Watch Tower
05:06 Orc Burrow
06:08 Orc Burrow
06:11 Watch Tower
06:13 Orc Burrow
06:14 Fortress
08:39 Voodoo Lounge
08:57 Orc Burrow
10:39 Watch Tower
10:44 Orc Burrow
15:35 Watch Tower
15:36 Watch Tower
15:36 Watch Tower
15:37 Watch Tower
15:39 Watch Tower
15:41 Watch Tower
» items
| Scroll of Town Portal | 1 | |
| Scroll of Speed | 1 | |
| Orb of Lightning | 1 | |
3 total
Vive_le_Qc (
blue | 56 APM | 643 actions | 11:29)
2 Blademaster
1 Wind Walk
1 Critical Strike
1 Tauren Chieftain
1 War Stomp
» actions
| Assign group hotkey | 4 | |
| Build / train | 47 | |
| Enter build submenu | 20 | |
| Enter hero's abilities submenu | 3 | |
| Give item / drop item | 4 | |
| Remove unit from queue | 3 | |
| Right click | 286 | |
| Select / deselect | 236 | |
| Select group hotkey | 1 | |
| Use ability | 39 | |
643 total
» units
» upgrades
| Spiked Barricades | 1 | |
| Armor | 2 | |
| Shaman Training | 1 | |
| Reinforced Defenses | 1 | |
| Envenomed Spears | 1 | |
6 total
» buildings
| Altar of Storms | 1 | |
| Orc Burrow | 7 | |
| War Mill | 1 | |
| Voodoo Lounge | 1 | |
| Stronghold | 1 | |
| Great Hall | 1 | |
| Watch Tower | 7 | |
| Beastiary | 1 | |
| Fortress | 1 | |
| Spirit Lodge | 1 | |
22 total
» build order
00:08 Altar of Storms
00:16 Orc Burrow
00:51 War Mill
01:12 Voodoo Lounge
03:12 Stronghold
03:18 Great Hall
03:56 Orc Burrow
03:59 Watch Tower
04:17 Watch Tower
04:32 Orc Burrow
04:44 Orc Burrow
04:50 Watch Tower
05:13 Orc Burrow
05:23 Watch Tower
05:46 Beastiary
06:38 Watch Tower
06:40 Watch Tower
08:09 Fortress
08:13 Orc Burrow
08:45 Spirit Lodge
09:02 Watch Tower
10:14 Orc Burrow
» items
| Healing Salve | 2 | |
| Lesser Clarity Potion | 2 | |
| Scroll of Speed | 2 | |
| Boots of Speed | 1 | |
| Staff of Teleportation | 1 | |
| Orb of Lightning | 1 | |
| Potion of Healing | 1 | |
10 total

»
brucewillisusa (
green | 44 APM | 687 actions | 15:39)
1 Crypt Lord
1 Impale
1 Tauren Chieftain
1 Endurance Aura
» actions
| Assign group hotkey | 38 | |
| Basic commands | 19 | |
| Build / train | 13 | |
| ESC pressed | 9 | |
| Enter build submenu | 8 | |
| Enter hero's abilities submenu | 2 | |
| Give item / drop item | 1 | |
| Right click | 222 | |
| Select / deselect | 172 | |
| Select group hotkey | 164 | |
| Use ability | 39 | |
687 total
» units
» buildings
| Crypt | 1 | |
| Ziggurat | 3 | |
| Altar of Darkness | 1 | |
| Tomb of Relics | 1 | |
| Nerubian Tower | 1 | |
| Great Hall | 1 | |
8 total
» build order
00:11 Crypt
00:22 Ziggurat
00:39 Altar of Darkness
01:07 Tomb of Relics
02:17 Ziggurat
02:18 Ziggurat
02:27 Nerubian Tower
14:48 Great Hall
Chat log
(00:04 / Allies) Vive_le_Qc: tc
(00:28 / Allies) brucewillisusa: 418 dont stab me u nigger
(00:30 / Allies) 418: OR WHAT
(00:34 / Allies) 418: YOU'LL MAPHACK AND BE A NIGGER?
(00:51 / All) x]1: Hi
(00:56 / Allies) Vive_le_Qc: finally i get bm
(01:03 / All) UnholydreadlorD: hey dudes
(01:15 / Allies) brucewillisusa: fuck my screen keeps blinking
(01:17 / Allies) brucewillisusa: i just reinstalled
(01:19 / Allies) 418: STOP HACKING IDIOT
(02:00 / All) brucewillisusa: settle down
(02:04 / All) 418: SHUTUP NIGGER
(02:29 / All) 418: LOOK AT THIS IDIOT SENDING A GHOUL OUT
(02:36 / All) x]1: sweet hacks
(02:38 / All) 418: WHY DONT MORE PEOPLE STAB THIS HACKER
(02:43 / All) brucewillisusa: my screen wont stop blinking
(02:49 / All) 418: MAYBE YOU SHOULD STOP HACKING FUCKER
(02:58 / All) brucewillisusa: hioyl shit no scustom keys
(02:59 / All) brucewillisusa: 3v3
(03:02 / All) brucewillisusa: ill unsummon
(03:03 / Allies) brucewillisusa: so its 3v3
(03:05 / All) brucewillisusa: so its 3v3
(03:07 / All) 418: LEAVE NERD
(03:21 / Allies) brucewillisusa: 1 of them is afk
(03:22 / Allies) brucewillisusa: so its fair
(03:23 / Allies) brucewillisusa: 3v3
(04:16 / Allies) brucewillisusa: the other guys bm
(04:17 / Allies) brucewillisusa: used shop
(04:20 / Allies) brucewillisusa: ithouot windwalking
(04:22 / Allies) brucewillisusa: hes 10x better than u
(04:24 / Allies) brucewillisusa: at bming
(04:30 / All) 418: NOT EVERYONE CARES ABOUT WINNING AS MUCH AS YOU NERD
(04:39 / Allies) brucewillisusa: yeah really
(04:41 / Allies) brucewillisusa: h8 that beaner
(05:25 / All) 418: GO SOMEWHERE ELSE YOU JUNGLE MONKEY
(05:30 / All) brucewillisusa: fdp
(05:47 / Allies) Vive_le_Qc: WOOD PLZ
(06:16 / All) brucewillisusa: SPEAK
(06:26 / Allies) brucewillisusa: INCOMING
(06:54 / Allies) brucewillisusa: focus dk
(08:40 / Allies) Vive_le_Qc: expo purple
(08:44 / Allies) brucewillisusa: u will get batted
(09:07 / Allies) 418: WOOD
(09:55 / All) brucewillisusa: nice surround
(09:58 / Allies) Vive_le_Qc: do tower
(10:45 / Allies) brucewillisusa: 418 all u do is 3v3 how come u didnt win this game
(10:53 / Allies) brucewillisusa: is this what u make when u at with kodos_forsaken!?!?!??!?!?!?1
(10:56 / Allies) brucewillisusa: wagons?!?!?!?!?!?!??!
(11:02 / Allies) 418: BETTER THAN MAPHACKING
(11:12 / Allies) Miles_Edgeworth: hahah
(11:13 / Allies) Vive_le_Qc: wow
(11:34 / All) UnholydreadlorD: sorry, miles :/
(11:34 / Allies) brucewillisusa: why did he leave
(11:47 / All) 418: HOPEFULLY BECAUSE YOU'RE A NIGGER
(12:58 / Allies) brucewillisusa: the ai is taking over
(13:00 / Allies) brucewillisusa: i cant make them do anything
(13:47 / All) brucewillisusa: DD
(13:48 / All) brucewillisusa: D
(13:48 / All) brucewillisusa: D
(13:49 / All) brucewillisusa: D
(13:49 / All) brucewillisusa: D
(13:52 / All) brucewillisusa: D
(13:52 / All) brucewillisusa: D
(14:56 / All) UnholydreadlorD: so is that everything?
(15:00 / All) 418: NO
(15:03 / All) 418: THIS NERD IS TRYING TO REBUILD BLUE
(15:29 / All) brucewillisusa: D
(15:35 / All) brucewillisusa: well at least i defeated 1
(15:51 / All) UnholydreadlorD: maphacker
(15:53 / All) UnholydreadlorD: gg buddy
(15:54 / All) 418: HACKER DOWN
(15:56 / All) UnholydreadlorD: i will stab him for you
(16:19 / All) 418: SO THIS NERD
(16:25 / All) 418: HE UNSUMMONS BECUASE HE SEES YOU HAVE AN AFK
(16:33 / All) 418: AND THEN HE STILL IS PINGING SHIT AND HELPING OUR TEAM
(16:37 / All) 418: WHO FOR SOME REASON DONT HAVE THE BALLS TO STAB A HACKER
(16:43 / All) UnholydreadlorD: kid is confused in many ways
(16:46 / All) 418: SEE
(16:51 / All) 418: EVERYONE WANTS TO PLAY A GOOD RT RIGHT?
(16:55 / All) 418: BUT THEY ALLOW HACKERS
(16:59 / All) 418: WHY HACKERS ARE OK AND AFK/STABBERS ARENT?
(17:01 / All) 418: I DONT KNOW